 Dungeon Crawl Stone Soup version 0.30-a0-758-gc2c871d025 (webtiles) character file.

Game seed: 5534527712700966786

388 Rrauwl the Skirmisher (level 6, 0/35 HPs)
             Began as a Tengu Hunter on Feb 10, 2023.
             Slain by Edmund
             ... wielding a +2 flail of protection
              (7 damage)
             ... on level 3 of the Dungeon.
             The game lasted 00:07:53 (2954 turns).

Rrauwl the Skirmisher (Tengu Hunter)                Turns: 2954, Time: 00:07:53

Health: 0/35       AC: 14    Str: 13    XL:     6   Next: 79%
Magic:  7/7        EV: 12    Int: 12    God:
Gold:   115        SH:  0    Dex: 18    Spells: 5/5 levels left

rFire   + . .      SeeInvis +    a - +0 shortbow
rCold   + . .      Faith    .    (shield currently unavailable)
rNeg    + + .      Spirit   .    c - +2 chain mail "Zicvesoo" {rN++ Int+3 SInv}
rPois   +          Reflect  .    (helmet restricted)
rElec   +          Harm     .    (no cloak)
rCorr   +          Rampage  .    (no gloves)
Will    .....                    (boots unavailable) Stlth
                                 (no amulet)
HPRegen 0.25/turn                f - ring of resist corrosion
MPRegen 0.10/turn                o - +5 ring of evasion

@: resistant, flying quickly and evasively, quick
A: beak, talons 3, nimble flight, iridescent scales 2
a: no special abilities


You were on level 3 of the Dungeon.
You visited 1 branch of the dungeon, and saw 4 of its levels.

You collected 115 gold pieces.

Inventory:

Hand Weapons
 a - a +0 shortbow (weapon)
 b - a +4 mace
Armour
 c - the +2 chain mail "Zicvesoo" (worn) {rN++ Int+3 SInv}
   (You found it on level 3 of the Dungeon)

   Int:       It affects your intelligence (+3).
   rN:        It greatly protects you from negative energy.
   SInv:      It lets you see invisible.
Jewellery
 f - a ring of resist corrosion (left hand)
 o - a +5 ring of evasion (right hand)
Wands
 d - a wand of roots (1)
Scrolls
 e - 4 scrolls of teleportation {unknown}
 g - a scroll of enchant armour {unknown}
 h - a scroll of brand weapon {unknown}
 j - 4 scrolls of identify {unknown}
 k - a scroll of fog {unknown}
 m - a scroll of silence {unknown}
 n - a scroll of immolation
Potions
 i - a potion of mutation


   Skills:
 - Level 2.0 Fighting
 + Level 8.4 Ranged Weapons
 - Level 3.0 Dodging
 - Level 1.0 Stealth


You had 5 spell levels left.
You didn't know any spells.
Your spell library contained the following spells:

 Spells                   Type           Power      Damage    Failure   Level
 Airstrike                Air            0%         2d(0-16)  100%        4
 Summon Lightning Spire   Summ/Air       0%         N/A       100%        4
 Lightning Bolt           Conj/Air       0%         1d11      100%        5
 Summon Forest            Summ/Tloc      0%         N/A       100%        5
 Summon Mana Viper        Hex/Summ       0%         N/A       100%        5
 Summon Cactus Giant      Summ           0%         N/A       100%        6


Dungeon Overview and Level Annotations

Branches:
Dungeon (4/15)
 Temple: D:4-7

Altars:

Annotations:
D:3 1 runed translucent door, Edmund; krest's ghost, amateur MiFi


Innate Abilities, Weirdness & Mutations

You have a beak for a mouth.
You have claws for feet.
Your magical nature lets you fly swiftly and evasively.
You are mostly covered in iridescent scales. (AC +4)


Message History

Press: ? - help, Q - select action, (/) - cycle Shift-Dir - straight line, f/p - Edmund
Aim: Edmund, wielding a +2 flail of protection and wearing a +0 leather armour (moderately wounded, 66% to hit)
You shoot an arrow. The arrow closely misses Edmund.
The arrow hits the orc wizard!
The orc wizard is severely wounded.
Edmund closely misses you. Edmund hits you but does no damage.
Fire: a) +0 shortbow
Press: ? - help, Q - select action, (/) - cycle Shift-Dir - straight line, f/p - Edmund
Aim: Edmund, wielding a +2 flail of protection and wearing a +0 leather armour (moderately wounded, 66% to hit)
You shoot an arrow.
The arrow hits Edmund but does no damage.
Edmund is moderately wounded.
Edmund barely misses you.
Fire: a) +0 shortbow
Press: ? - help, Q - select action, (/) - cycle Shift-Dir - straight line, f/p - Edmund
Aim: Edmund, wielding a +2 flail of protection and wearing a +0 leather armour (moderately wounded, 66% to hit)
You shoot an arrow. The arrow hits Edmund.
Edmund is moderately wounded.
Edmund hits you but does no damage. Edmund closely misses you.
Fire: a) +0 shortbow
Press: ? - help, Q - select action, (/) - cycle Shift-Dir - straight line, f/p - Edmund
Aim: Edmund, wielding a +2 flail of protection and wearing a +0 leather armour (moderately wounded, 66% to hit)
You shoot an arrow.
The arrow hits Edmund but does no damage.
Edmund is moderately wounded.
Edmund misses you. Edmund hits you but does no damage.
Fire: a) +0 shortbow
Press: ? - help, Q - select action, (/) - cycle Shift-Dir - straight line, f/p - Edmund
Aim: Edmund, wielding a +2 flail of protection and wearing a +0 leather armour (moderately wounded, 66% to hit)
You shoot an arrow.
The arrow hits Edmund but does no damage.
Edmund is moderately wounded.
Edmund hits you but does no damage.
Fire: a) +0 shortbow
Press: ? - help, Q - select action, (/) - cycle Shift-Dir - straight line, f/p - Edmund
Aim: Edmund, wielding a +2 flail of protection and wearing a +0 leather armour (moderately wounded, 66% to hit)
You shoot an arrow. The arrow hits Edmund.
Edmund is heavily wounded.
Edmund hits you with a +2 flail of protection!
You die...

#.# #.# #.# #.# #.# #.#
#.# #.# #.#
##########.## #.# #.#
###...........# #.# #.#
.......>.o....# #.# #.#
.#####..##....#
##.###.# .#
#..##.########...##.#
.#
#..##....o@@...#....#
.#
#..###########...####
.#####..############.##
.....................#
#######.######.#######
##..# #..# # #...# ##.#
# #.#########.# #
#.....#.....#


You could see Edmund and an orc wizard.

Vanquished Creatures
  Sigmund (D:3)
  Ijyb (D:3)
  Natasha (thrice) (D:2)
  Robin (D:3)
  4 adders
  4 dart slugs
  4 orcs (D:3)
  6 endoplasms
  A giant cockroach (D:3)
  8 goblins
  10 hobgoblins
  9 jackals
  4 kobolds (D:1)
  A quokka (D:1)
  7 ball pythons
  8 bats
  5 frilled lizards
  7 rats
84 creatures vanquished.

Vanquished Creatures (others)
  3 fungi (D:2)
  4 plants (D:2)
7 creatures vanquished.

Grand Total: 91 creatures vanquished

Notes
Turn   | Place    | Note
-------+----------+-------------------------------------------
     0 | D:1      | Rrauwl the Tengu Hunter began the quest for the Orb.
     0 | D:1      | Reached XP level 1. HP: 12/12 MP: 2/2
    58 | D:1      | Reached XP level 2. HP: 16/17 MP: 3/3
   151 | D:1      | Reached XP level 3. HP: 20/21 MP: 4/4
   153 | D:1      | Reached skill level 5 in Ranged Weapons
   582 | D:2      | Reached XP level 4. HP: 26/26 MP: 5/5
   592 | D:2      | Noticed Natasha
   595 | D:2      | Killed Natasha
   596 | D:2      | Reached skill level 6 in Ranged Weapons
   945 | D:2      | Found a faded altar of an unknown god.
  1097 | D:2      | Noticed Natasha
  1104 | D:2      | Killed Natasha
  1105 | D:2      | Gained mutation: Your magical nature lets you fly swiftly
                  | and evasively. [Tengu growth]
  1105 | D:2      | Reached XP level 5. HP: 27/30 MP: 6/6
  1412 | D:2      | Noticed Natasha
  1421 | D:2      | Killed Natasha
  1504 | D:3      | Noticed Sigmund
  1540 | D:3      | Killed Sigmund
  1541 | D:3      | Reached skill level 7 in Ranged Weapons
  1541 | D:3      | Reached XP level 6. HP: 35/35 MP: 7/7
  1691 | D:3      | Reached skill level 8 in Ranged Weapons
  1744 | D:3      | Gained mutation: You are partially covered in iridescent
                  | scales. (AC +2) [potion of mutation]
  1744 | D:3      | Gained mutation: You are mostly covered in iridescent
                  | scales. (AC +4) [potion of mutation]
  1751 | D:3      | Noticed Robin
  1774 | D:3      | Killed Robin
  2033 | D:3      | Identified the +2 chain mail "Zicvesoo" {rN++ Int+3 SInv}
  2451 | D:3      | Found a runed translucent door.
  2508 | D:3      | Noticed Ijyb
  2537 | D:3      | Killed Ijyb
  2641 | D:3      | Noticed krest's ghost (amateur MiFi)
  2918 | D:4      | Noticed Edmund
  2954 | D:3      | Slain by Edmund

Illustrated notes

Levels and vault maps discovered:
D:1:      minmay_arrival_four_houses, layout_rooms, serial_curves,
          eino_curves_03, eino_curves_02
D:2:      layout_loops_ring, shapermc_ecumenical_altar_petra, uniq_natasha
D:3:      mumra_celtic_spiral_tile, layout_loops_ring, gammafunk_ghost_grave,
          minmay_misc_feat_ornament, kennysheep_flooded_box,
          kennysheep_generic_room_10, uniq_sigmund, uniq_robin, uniq_ijyb
D:4:      layout_basic, uniq_edmund, uniq_duvessa

Skill      XL: |  1  2  3  4  5  6 |
---------------+-------------------+-----
Dodging        | 3 |  3.0
Ranged Weapons | 5 6 7 8 |  8.4
Fighting       | |  2.0
Stealth        | |  1.0

Action                     |  1- 3 |  4- 6 || total
---------------------------+-------+-------++-------
   Fire: Shortbow          |   116 |   185 ||   301
    Use: Potion            |       |    10 ||    10
 Armour: Leather armour    |    11 |     3 ||    14
         Skin              |       |    21 ||    21
         Chain mail        |       |    44 ||    44
         Animal skin       |       |     3 ||     3
  Dodge: Dodged            |    37 |    93 ||   130

Table legend: (Time is in decaauts)
 A = Elapsed time spent in this place.
 B = Non-inter-level travel time spent in this place.
 C = Inter-level travel time spent in this place.
 D = Time resting spent in this place.
 E = Time spent auto-exploring this place.
 F = Levels seen in this place.
 G = Mean time per level.
                   A        B        C        D        E       F      G
               +--------+--------+--------+--------+--------+-----+--------+
         Total |   2895 |   2764 |    131 |      0 |   2196 |   4 |  723.8 |
       Dungeon |   2895 |   2764 |    131 |      0 |   2196 |   4 |  723.8 |
               +--------+--------+--------+--------+--------+-----+--------+

Top non-repeatable levels by time:
     D:3: 1382 daAuts
     D:2: 984 daAuts
     D:1: 526 daAuts
     D:4: 1 daAuts
